 Dungeon Crawl Stone Soup version 0.31-a0-1476-g8a4046af8c (webtiles) character file.

Game seed: 11681957076323460074

261 Ivernyr the Shield-Bearer (level 6, -1/49 HPs)
             Began as a Formicid Fighter on Dec 29, 2023.
             Slain by a gnoll
             ... wielding a +0 spear
              (6 damage)
             ... on level 4 of the Dungeon.
             The game lasted 00:05:55 (2841 turns).

Ivernyr the Shield-Bearer (Formicid Fighter)        Turns: 2841, Time: 00:05:56

Health: -1/49      AC:  8    Str: 22    XL:     6   Next: 41%
Magic:  6/6        EV:  9    Int:  8    God:
Gold:   99         SH:  5    Dex: 13    Spells: 5/5 levels left

rFire   . . .        a - +3 quarterstaff (chaos)
rCold   . . .        c - +0 buckler
rNeg    . . .        b - +0 scale mail
rPois   .            (helmet unavailable)
rElec   .            r - +0 cloak
rCorr   +            (no gloves)
SInv    +            (no boots)
Will    .....        (no amulet) Stlth
                     m - ring of resist corrosion
HPRegen 0.28/turn    (no ring)
MPRegen 0.10/turn

%: no passive effects
@: lethally poisoned (-1 -> -13)
A: permanent stasis, dig shafts and tunnels, antennae 3, four strong arms
a: Dig, Shaft Self


You were on level 4 of the Dungeon.
You visited 1 branch of the dungeon, and saw 4 of its levels.

You collected 99 gold pieces.

Inventory:

Hand Weapons
 a - a +3 quarterstaff of chaos (weapon)
Armour
 b - a +0 scale mail (worn)
 c - a +0 buckler (worn)
 r - a +0 cloak (worn)
Jewellery
 m - a ring of resist corrosion (left hand)
Wands
 l - a wand of flame (27)
Scrolls
 e - 3 scrolls of teleportation {unknown}
 f - 2 scrolls of revelation {unknown}
 g - 3 scrolls of identify {unknown}
 h - a scroll of fear {unknown}
 j - a scroll of immolation {unknown}
 p - a scroll of summoning {unknown}
 q - 3 scrolls of acquirement {unknown}
 s - a scroll of blinking {unknown}
 t - a scroll of fog {unknown}
Potions
 d - 2 potions of might
 i - a potion of resistance {unknown}
 k - a potion of degeneration {unknown}
 n - a potion of enlightenment {unknown}
 o - a potion of ambrosia {unknown}


   Skills:
 + Level 4.3 Fighting
 * Level 4.2 Staves
 + Level 4.4 Armour
 + Level 5.3 Shields


You had 5 spell levels left.
You didn't know any spells.
Your spell library contained the following spells:

 Spells                   Type           Power      Damage    Failure   Level
 Fugue of the Fallen      Necr           0%         N/A       98%         3
 Ozocubu's Armour         Ice            0%         N/A       98%         3
 Manifold Assault         Tloc           0%         N/A       100%        4


Dungeon Overview and Level Annotations

Branches:
Dungeon (4/15)
 Temple: D:4-7

Altars:
Yredelemnul
The Shining One

Shops:
D:3 =


Innate Abilities, Weirdness & Mutations

You cannot be hasted, slowed, berserked, paralysed or teleported.
You can dig through walls and to a lower floor.
You have a pair of large antennae on your head. (SInv)
Your four strong arms can wield two-handed weapons with a shield.


Message History

g - 3 scrolls labelled TIDOPOFERCHA (gained 1)
Found a stone staircase leading down.
A gnoll comes into view. It is wielding a +1 halberd of venom.
A gnoll is nearby!
The gnoll shouts!
You hear a shout! x3
A gnoll comes into view. It is wielding a +0 spear.
An orc priest comes into view. It is wielding a +0 dagger.
The orc priest shouts!
The gnoll hits you from afar with a +1 halberd of venom.
You are poisoned.
An orc wizard comes into view. It is wielding a +0 dagger.
A gnoll comes into view. It is wielding a +0 spear.
A giant cockroach comes into view.
You feel very sick. The gnoll barely misses you.
The gnoll hits you from afar with a +0 spear.
You hit the gnoll.
The gnoll seems to slow down.
The gnoll is lightly wounded.
You feel very sick.
The orc priest mumbles some strange prayers to Beogh against you.
Beogh smites you! You block the gnoll's attack.
You hit the gnoll. You freeze the gnoll.
The gnoll is moderately wounded.
You feel sick.
The gnoll is no longer moving slowly.
The gnoll completely misses you. The gnoll barely misses you.
You barely miss the gnoll.
The gnoll is moderately wounded.
You feel sick.
The gnoll hits you with a +1 halberd of venom!
* * * LOW HITPOINT WARNING * * *
You are lethally poisoned!
The gnoll closely misses you.
The orc wizard casts a spell.
The orc wizard flickers and vanishes for a moment.
* * * LOW HITPOINT WARNING * * *
You feel very sick.
The gnoll hits you with a +1 halberd of venom.
* * * LOW HITPOINT WARNING * * *
The gnoll hits you from afar with a +0 spear.
You die...

...# #............ ...#
#............ ...#
#............
...##########............
............†....########
#...........†.##.#######
......................>.
...(..........##.#####.#
..............##@#
..............##g#
.......(......##g.
..............##gB.
..............##....
########## #.#... #
#.#.... # #.#.....
#######


You could see 3 gnolls and a giant cockroach.

Vanquished Creatures
  2 orc priests
  Crazy Yiuf (D:2)
  2 orc wizards
  4 adders (D:2)
  2 worms
  A dart slug (D:1)
  4 orcs
  7 ball pythons
  10 endoplasms
  2 giant cockroaches (D:1)
  12 goblins
  9 hobgoblins
  2 jackals (D:4)
  4 kobolds
  4 quokkas
  3 bats (D:2)
  3 rats
72 creatures vanquished.

Notes
Turn   | Place    | Note
-------+----------+-------------------------------------------
     0 | D:1      | Ivernyr the Formicid Fighter began the quest for the Orb.
     0 | D:1      | Reached XP level 1. HP: 18/18 MP: 1/1
   135 | D:1      | Reached XP level 2. HP: 19/24 MP: 2/2
   295 | D:1      | Reached XP level 3. HP: 29/29 MP: 3/3
   900 | D:2      | Reached XP level 4. HP: 34/37 MP: 4/4
  1004 | D:2      | Found a faded altar of an unknown god.
  1283 | D:2      | Reached XP level 5. HP: 39/42 MP: 5/5
  1430 | D:2      | Found a runed translucent door.
  1431 | D:2      | Noticed Crazy Yiuf
  1438 | D:2      | Killed Crazy Yiuf
  1666 | D:3      | Reached skill level 5 in Shields
  1677 | D:3      | Reached XP level 6. HP: 21/48 MP: 6/6
  1949 | D:3      | Found Luxoag's Jewellery Shoppe.
  2095 | D:3      | Found a basalt altar of Yredelemnul.
  2213 | D:3      | Found a glowing golden altar of the Shining One.
  2612 | D:3      | Noticed an angel
  2682 | D:4      | Identified the +2 helmet "Norch" {^Drain Will+ Dex+3
                  | Slay+3}
  2841 | D:4      | Slain by a gnoll

Illustrated notes

Levels and vault maps discovered:
D:1:      eino_arrival_cavern_b, layout_loops_cross
D:2:      minmay_alternating_diamond, layout_basic,
          ebering_ecumenical_altar_abandoned, uniq_crazy_yiuf_cottage
D:3:      layout_loops_corners, grunt_temple_overflow_holy_war, serial_shops,
          nicolae_shop_pleasant_corner_grove, nicolae_elevator_lobby_asterisk
D:4:      layout_basic, nicolae_overflow_crystal_walls

Skill      XL: |  1  2  3  4  5  6 |
---------------+-------------------+-----
Staves         | 3 4 |  4.2
Fighting       | 4 |  4.3
Armour         | 4 |  4.4
Shields        | 5 |  5.3

Action                     |  1- 3 |  4- 6 || total
---------------------------+-------+-------++-------
  Melee: Quarterstaff      |    93 |   112 ||   205
Ability: Shaft Self        |       |     1 ||     1
 Armour: Scale mail        |    54 |   101 ||   155
  Dodge: Dodged            |    27 |    60 ||    87
  Block: Buckler           |    20 |    37 ||    57

Table legend: (Time is in decaauts)
 A = Elapsed time spent in this place.
 B = Non-inter-level travel time spent in this place.
 C = Inter-level travel time spent in this place.
 D = Time resting spent in this place.
 E = Time spent auto-exploring this place.
 F = Levels seen in this place.
 G = Mean time per level.
                   A        B        C        D        E       F      G
               +--------+--------+--------+--------+--------+-----+--------+
         Total |   2876 |   2787 |     89 |    137 |   2089 |   4 |  719.0 |
       Dungeon |   2876 |   2787 |     89 |    137 |   2089 |   4 |  719.0 |
               +--------+--------+--------+--------+--------+-----+--------+

Top non-repeatable levels by time:
     D:3: 1113 daAuts
     D:1: 815 daAuts
     D:2: 763 daAuts
     D:4: 184 daAuts
